 Dungeon Crawl Stone Soup version 0.28-a0-535-g6f645e4c1d (webtiles) character file.

Game seed: 9509281545185867967

123 ytrimaz the Ruffian (level 4, -2/37 HPs)
             Began as a Demonspawn Berserker on Sept 27, 2021.
             Was a Believer of Trog.
             Slain by a gnoll (9 damage)
             ... on level 4 of the Dungeon.
             The game lasted 00:04:01 (4179 turns).

ytrimaz the Ruffian (Demonspawn Berserker)          Turns: 4179, Time: 00:04:01

Health: -2/37      AC: 12    Str: 18    XL:     4   Next: 80%
Magic:  4/4        EV: 10    Int:  8    God:    Trog [**....]
Gold:   122        SH:  0    Dex: 13    Spells: 3/3 levels left

rFire   . . .      SeeInvis .     - Unarmed
rCold   . . .      Faith    .   (no shield)
rNeg    . . .      Spirit   .   g - +0 plate armour
rPois   .          Reflect  .   (no helmet)
rElec   .          Harm     .   c - scarf {shadows}
rCorr   .          Rampage  .   e - +0 pair of gloves
Will    .....                   (no boots)
Stlth   ..........              (no amulet)
HPRegen 0.12/turn               k - +4 ring of evasion
MPRegen 0.09/turn               (no ring)

@: mighty, lit by a corona, on berserk cooldown, slowed, glowing, very slow
A: talons 1, foul stench 1, powered by pain 1
a: Renounce Religion, Berserk, Trog's Hand


You were on level 4 of the Dungeon.
You worshipped Trog.
Trog was pleased with you.
You visited 1 branch of the dungeon, and saw 4 of its levels.

You collected 122 gold pieces.

Inventory:

Armour
 c - a scarf of shadows (worn)
 e - a +0 pair of gloves (worn)
 g - a +0 plate armour (worn)
 h - a +0 kite shield
Jewellery
 k - a +4 ring of evasion (left hand)
Scrolls
 d - a scroll of torment {unknown}
 f - a scroll of identify
 j - a scroll of teleportation
Potions
 a - a potion of ambrosia {unknown}
 b - a potion of degeneration {unknown}
 i - a potion of flight {unknown}


   Skills:
 * Level 3.7 Fighting
 + Level 2.1 Armour
 + Level 2.3 Dodging
 * Level 4.1 Unarmed Combat


You had 3 spell levels left.
You didn't know any spells.
Your spell library was empty.

Dungeon Overview and Level Annotations

Branches:
Dungeon (4/15)
 Temple: D:4-7

Altars:
Ashenzari
Sif Muna


Innate Abilities, Weirdness & Mutations

You have sharp toenails.
You may rarely emit foul miasma when damaged in melee.
You sometimes gain a little power by taking damage.


Message History

You feel a strong urge to attack something.
The gnoll shaman completely misses you.
You barely miss the gnoll shaman. You claw the gnoll shaman!
The gnoll shaman is severely wounded.
The gnoll hits you with a +0 club.
The gnoll shaman hits you with a +0 whip!
You focus on the pain.
You feel very mighty all of a sudden.
You barely miss the gnoll shaman. You claw the gnoll shaman.
The gnoll shaman is almost dead.
The gnoll hits you from afar with a +0 halberd.
The gnoll hits you with a +0 club.
You hit the gnoll shaman.
The gnoll shaman is almost dead.
The gnoll shaman hits you with a +0 whip!
* * * LOW HITPOINT WARNING * * *
The gnoll hits you from afar with a +0 halberd!
* * * LOW HITPOINT WARNING * * *
You hit the gnoll shaman.
You kill the gnoll shaman!
Trog accepts your kill.
You can now call upon Trog for regeneration and willpower.
The gnoll barely misses you.
Your Unarmed Combat skill increases to level 4!
You hit the gnoll.
You kill the gnoll!
Trog accepts your kill. The gnoll hits you but does no damage.
The gnoll barely misses you. The gnoll closely misses you.
Things that are here:
a +0 club; a scroll of identify; a gnoll corpse You feel a strong urge to attack something.
You are no longer berserk.
You are exhausted.
You feel yourself slow down.
You punch the gnoll!
You kill the gnoll!
Trog accepts your kill. The gnoll hits you with a +0 halberd!
You die...

********,* **..............#,,,,*
********,**##,......#......#>****
*,,,,,**,*,,..#>###..>......,*,,,
*,,,,,*,,*.##...####........,,,,*
*,,,,,,,,,,.................*,*,*
*,,,,,*,****#..##...........*,,,,
*,,,,,*,* *#.....##....#..,,,,,
*,,,,,,,*****#.#))......##..,,,,,
*,,,,,,***...#.#@....#.##*,,,,,,,
******,**,.....g)....#.# *,,,,,,,
*,*,,..........##,#**,,,,,,,
***,*,,.......##.#*,,,*,,,,,,,
*,,,,,,......?#*(#*,,,*,,,,,,,
*,,,,*,......##*.#*,,,*,,,,,,,
*,,,,,,......* *,.*,,,*,,,,,,,
*,,,,,,.....#***,,,,,,,,,,,,,,
*,,,,,,,,,,,,,,,,**,,,********


You could see a gnoll.

Vanquished Creatures
  A gnoll shaman (D:4)
  3 gnolls (D:4)
  3 adders
  4 endoplasms
  2 giant cockroaches
  4 goblins
  6 hobgoblins
  3 jackals (D:1)
  7 kobolds
  4 quokkas
  5 ball pythons
  4 bats
  3 frilled lizards
  3 rats
52 creatures vanquished.

Notes
Turn   | Place    | Note
-------+----------+-------------------------------------------
     0 | D:1      | ytrimaz the Demonspawn Berserker began the quest for the
                  | Orb.
     0 | D:1      | Reached XP level 1. HP: 18/18 MP: 1/1
   408 | D:1      | Reached skill level 3 in Unarmed Combat
   408 | D:1      | Gained mutation: You have sharp toenails. [demonic
                  | ancestry]
   408 | D:1      | Reached XP level 2. HP: 21/24 MP: 2/2
  1744 | D:2      | Gained mutation: You sometimes gain a little power by
                  | taking damage. [demonic ancestry]
  1744 | D:2      | Reached XP level 3. HP: 24/29 MP: 3/3
  2063 | D:2      | Reached ** piety under Trog
  3037 | D:3      | Gained mutation: You may rarely emit foul miasma when
                  | damaged in melee. [demonic ancestry]
  3037 | D:3      | Reached XP level 4. HP: 36/36 MP: 4/4
  3196 | D:3      | Found a faded altar of an unknown god.
  3289 | D:3      | Found a broken altar of Ashenzari.
  3903 | D:3      | Found a shimmering blue altar of Sif Muna.
  4176 | D:4      | Reached skill level 4 in Unarmed Combat
  4179 | D:4      | Slain by a gnoll

Illustrated notes

Levels and vault maps discovered:
D:1:      nagdon_arrival_zigzag_paths, layout_basic
D:2:      layout_basic
D:3:      layout_basic, ashenzari_conservatory_becter,
          nicolae_sif_muna_little_library, shapermc_ecumenical_altar_gd
D:4:      layout_rooms, portal_sewer_entry_b, serial_bayou_pond_b

Skill      XL: |  1  2  3  4 |
---------------+-------------+-----
Unarmed Combat | 3 4 |  4.1
Dodging        | 2 |  2.3
Armour         | 2 |  2.1
Fighting       | |  3.7

Action                   |  1- 3 |  4- 6 || total
-------------------------+-------+-------++-------
Melee: Unarmed           |   113 |    28 ||   141
       Kick              |    26 |    11 ||    37
Invok: Berserk           |     3 |     1 ||     4
  Use: Scroll            |     1 |     3 ||     4
Armor: Animal skin       |    32 |       ||    32
       Plate armour      |    19 |    21 ||    40
Dodge: Dodged            |    79 |    28 ||   107

Table legend: (Time is in decaauts)
 A = Elapsed time spent in this place.
 B = Non-inter-level travel time spent in this place.
 C = Inter-level travel time spent in this place.
 D = Time resting spent in this place.
 E = Time spent auto-exploring this place.
 F = Levels seen in this place.
 G = Mean time per level.
                   A        B        C        D        E       F      G
               +--------+--------+--------+--------+--------+-----+--------+
         Total |   4192 |   4033 |    159 |    971 |   2524 |   4 | 1048.0 |
       Dungeon |   4192 |   4033 |    159 |    971 |   2524 |   4 | 1048.0 |
               +--------+--------+--------+--------+--------+-----+--------+

Top non-repeatable levels by time:
     D:1: 1676 daAuts
     D:3: 1422 daAuts
     D:2: 1053 daAuts
     D:4: 39 daAuts
